 Dungeon Crawl Stone Soup version 0.28.0-43-g3370ac3207 (webtiles) character file.

Game seed: 13821216233428300739

395 rel the Skirmisher (level 6, -1/51 HPs)
             Began as a Demonspawn Berserker on Mar 23, 2022.
             Was a Believer of Trog.
             Slain by an ufetubus (2 damage)
             ... on level 4 of the Dungeon on Mar 24, 2022.
             The game lasted 00:07:13 (3318 turns).

rel the Skirmisher (Demonspawn Berserker)           Turns: 3318, Time: 00:07:14

Health: -1/51      AC: 12    Str: 17    XL:     6   Next: 52%
Magic:  6/6        EV:  7    Int: 10    God:    Trog [**....]
Gold:   143        SH:  4    Dex: 13    Spells: 5/5 levels left

rFire   . . .      SeeInvis .   a - +0 hand axe
rCold   . . .      Faith    .   (no shield)
rNeg    . . .      Spirit   .   i - +0 chain mail
rPois   .          Reflect  .   (helmet restricted)
rElec   .          Harm     .   (no cloak)
rCorr   .          Rampage  .   d - +0 pair of gloves
Will    .....                   (no boots)
Stlth   ..........              (no amulet)
HPRegen 0.17/turn               (no ring)
MPRegen 0.10/turn               (no ring)

@: on berserk cooldown, slowed, very slow
A: antennae 1, thin metallic scales 1, powered by pain 1, condensation shield
a: Renounce Religion, Berserk, Trog's Hand


You were on level 4 of the Dungeon.
You worshipped Trog.
Trog was pleased with you.
You visited 1 branch of the dungeon, and saw 4 of its levels.

You collected 143 gold pieces.

Inventory:

Hand Weapons
 a - a +0 hand axe (weapon)
Armour
 d - a +0 pair of gloves (worn)
 i - a +0 chain mail (worn)
Wands
 j - a wand of iceblast (1)
Scrolls
 b - a scroll of torment {unknown}
 c - a scroll of enchant weapon {unknown}
 e - 2 scrolls of vulnerability {unknown}
 f - 4 scrolls of identify {unknown}
 g - 3 scrolls of amnesia {unknown}
 h - a scroll of fog {unknown}


   Skills:
 * Level 5.0 Fighting
 + Level 4.7 Axes
 + Level 2.5 Armour
 + Level 2.6 Dodging
 + Level 0.7 Stealth


You had 5 spell levels left.
You didn't know any spells.
Your spell library was empty.

Dungeon Overview and Level Annotations

Branches:
Dungeon (4/15)
 Temple: D:4-7

Altars:
Gozag

Shops:
D:4 *

Annotations:
D:3 3 runed translucent doors, TheDeanity's ghost, amateur DrFE


Innate Abilities, Weirdness & Mutations

You have a pair of small antennae on your head.
You are partially covered in thin metallic scales. (AC +2)
You sometimes gain a little power by taking damage.
A meltable shield of frost defends you. (SH +4)


Message History

The adder skeleton is heavily damaged.
The adder skeleton bites you but does no damage. x2
You hit the adder skeleton.
The adder skeleton is severely damaged.
The adder skeleton bites you but does no damage.
You barely miss the adder skeleton.
The adder skeleton is severely damaged.
The adder skeleton bites you.
* * * LOW HITPOINT WARNING * * *
The adder skeleton bites you but does no damage.
You hit the adder skeleton.
The adder skeleton is almost destroyed.
The adder skeleton bites you but does no damage.
The adder skeleton bites you.
* * * LOW HITPOINT WARNING * * *
You hit the adder skeleton.
You destroy the adder skeleton!
Trog accepts your kill.
You start resting.
An ufetubus comes into view.
An ufetubus is nearby!
An ufetubus is nearby!
An ufetubus is nearby!
An ufetubus is nearby!
The ufetubus hits you but does no damage.
The ufetubus closely misses you.
An ufetubus is nearby!
You feel better. The ufetubus barely misses you.
The ufetubus closely misses you. x2; You block the ufetubus's attack.
You barely miss the ufetubus. You block the ufetubus's attack.
The ufetubus hits you.
* * * LOW HITPOINT WARNING * * *
The ufetubus barely misses you. The ufetubus hits you.
* * * LOW HITPOINT WARNING * * *
You barely miss the ufetubus. The ufetubus hits you.
* * * LOW HITPOINT WARNING * * *
The ufetubus hits you.
* * * LOW HITPOINT WARNING * * *
The ufetubus closely misses you. The ufetubus hits you.
You die...

## #.# ## . ...##.
#.### #..#.# .#..
..... .. ..# #.#.#
#.h.###.# ##.##.
..Zh..$.# #.##
##...## #...###†#
#..###.....# .
#@#####...........
#.5......###.....#
####.###.# ##...##
..#####.###.# ##.##
.........†..#####.#
.######...........#
#.###.####### #.#
#.# #.# #.#


You could see an ufetubus.

Vanquished Creatures
  A necrophage (D:4)
  A scorpion (D:4)
  A howler monkey (D:4)
  An orc priest (D:3)
  2 orc wizards (D:3)
  5 adders
  An ufetubus (D:4)
  An adder skeleton (D:4)
  A worm (D:4)
  3 dart slugs (D:1)
  4 orcs (D:3)
  7 endoplasms
  2 giant cockroaches (D:3)
  8 hobgoblins
  3 jackals (D:4)
  3 quokkas
  6 ball pythons
  4 bats
  3 frilled lizards
  A goblin (D:3)
  8 kobolds
  3 rats (D:3)
69 creatures vanquished.

Vanquished Creatures (others)
  A goblin (D:3)
1 creature vanquished.

Grand Total: 70 creatures vanquished

Notes
Turn   | Place    | Note
-------+----------+-------------------------------------------
     0 | D:1      | rel the Demonspawn Berserker began the quest for the Orb.
     0 | D:1      | Reached XP level 1. HP: 18/18 MP: 1/1
    69 | D:1      | Gained mutation: You sometimes gain a little power by
                  | taking damage. [demonic ancestry]
    69 | D:1      | Reached XP level 2. HP: 17/24 MP: 2/2
   817 | D:2      | Gained mutation: You are partially covered in thin metallic
                  | scales. (AC +2) [demonic ancestry]
   817 | D:2      | Reached XP level 3. HP: 22/30 MP: 3/3
  1092 | D:2      | Reached ** piety under Trog
  1438 | D:3      | Reached skill level 4 in Fighting
  1825 | D:3      | Gained mutation: You have a pair of small antennae on your
                  | head. [demonic ancestry]
  1825 | D:3      | Reached XP level 4. HP: 37/37 MP: 4/4
  1920 | D:3      | Reached XP level 5. HP: 18/43 MP: 5/5
  2655 | D:3      | Found a runed translucent gate.
  2656 | D:3      | Found a runed translucent gate.
  2657 | D:3      | Found a runed translucent gate.
  2682 | D:3      | Found an opulent altar of Gozag.
  2683 | D:3      | Noticed TheDeanity's ghost (amateur DrFE)
  2878 | D:4      | Found Xurphuir's General Store.
  3007 | D:4      | Noticed a necrophage
  3018 | D:4      | Killed a necrophage
  3019 | D:4      | Gained mutation: A meltable shield of frost defends you.
                  | (SH +4) [demonic ancestry]
  3019 | D:4      | Reached XP level 6. HP: 49/49 MP: 6/6
  3292 | D:4      | Reached skill level 5 in Fighting
  3318 | D:4      | HP: 1/51 [ufetubus (2)]
  3318 | D:4      | Slain by an ufetubus

Illustrated notes

Levels and vault maps discovered:
D:1:      dpeg_arrival_leaves_temple_mockup, layout_basic,
          dreamdust_ecumenical_altar_hidden_monk_grotto, minivault_14
D:2:      layout_basic
D:3:      layout_loops_ring, ebering_ghost_gozag
D:4:      layout_loops_ring, serial_shops, shop, uniq_sigmund

Skill      XL: |  1  2  3  4  5  6 |
---------------+-------------------+-----
Axes           | 3 4 |  4.7
Fighting       | 4 5 |  5.0
Dodging        | 2 |  2.6
Armour         | 2 |  2.5
Stealth        | |  0.7

Action                   |  1- 3 |  4- 6 || total
-------------------------+-------+-------++-------
Melee: Hand axe          |   112 |   159 ||   271
       Punch             |     2 |     1 ||     3
Invok: Berserk           |     3 |     2 ||     5
  Use: Potion            |       |     4 ||     4
 Stab: Sleeping          |     1 |       ||     1
Armor: Animal skin       |    34 |    16 ||    50
       Chain mail        |       |    95 ||    95
Dodge: Dodged            |    96 |    67 ||   163
Block: Other             |       |    11 ||    11
